 Dungeon Crawl Stone Soup version 0.30-a0-305-g026cb31310 (webtiles) character file.

Game seed: 15635162769469040031

199 nono the Covered (level 5, 0/49 HPs)
             Began as an Armataur Fighter on Oct 21, 2022.
             Slain by an orc
             ... wielding a +0 hand axe
              (2 damage)
             ... on level 3 of the Dungeon.
             The game lasted 00:04:08 (1928 turns).

nono the Covered (Armataur Fighter)                 Turns: 1928, Time: 00:04:08

Health: 0/49       AC:  7    Str: 24    XL:     5   Next: 48%
Magic:  5/5        EV:  7    Int:  8    God:
Gold:   68         SH:  4    Dex:  9    Spells: 4/4 levels left

rFire   . . .      SeeInvis .    a - +0 flail
rCold   . . .      Faith    .    c - +0 buckler
rNeg    . . .      Spirit   .    b - +0 scale mail
rPois   .          Reflect  .    (no helmet)
rElec   .          Harm     .    (no cloak)
rCorr   .          Roll     +    (no gloves)
Will    .....                    (no barding)
Stlth   ..........               (no amulet)
HPRegen 0.28/turn                (no ring)
MPRegen 0.09/turn                (no ring)

@: mighty, attractive, flying
A: large, rugged brown scales 3, deformed body, armoured tail, roll, long
tongue, awkward tongue
a: no special abilities


You were on level 3 of the Dungeon.
You visited 1 branch of the dungeon, and saw 3 of its levels.

You collected 68 gold pieces.

Inventory:

Hand Weapons
 a - a +0 flail (weapon)
Missiles
 g - 2 silver javelins (quivered)
Armour
 b - a +0 scale mail (worn)
 c - a +0 buckler (worn)
Scrolls
 e - 2 scrolls of teleportation {unknown}
 f - a scroll of fear {unknown}
 i - a scroll of identify {unknown}
 j - a scroll of butterflies {unknown}
 l - a scroll of magic mapping {unknown}
Potions
 h - a potion of attraction


   Skills:
 + Level 3.6 Fighting
 + Level 3.0 Maces & Flails
 + Level 4.9 Armour
 + Level 4.4 Shields


You had 4 spell levels left.
You didn't know any spells.
Your spell library was empty.

Dungeon Overview and Level Annotations

Branches:
Dungeon (3/15)

Altars:

Shops:
D:2 :


Innate Abilities, Weirdness & Mutations

You are completely covered in rugged brown scales. (AC +3, +7% HP)
Armour fits poorly on your strangely shaped body.
You have a long armoured tail.
You roll when moving toward enemies. (Rampage)
Your long tongue fully drains potion bottles. (2x potion effects)
Your tongue gives you trouble enunciating. (1.5x scroll delay)


Message History

You sock the giant cockroach!
You kill the giant cockroach!
You sock the orc!
You kill the orc!
The orc hits you with a +0 hand axe.
* * * LOW HITPOINT WARNING * * *
You closely miss the orc.
Something unexpectedly blocked you, preventing you from rolling!
You closely miss something.
Something unexpectedly blocked you, preventing you from rolling!
You barely miss something.
Something hits you but does no damage. x2
Something unexpectedly blocked you, preventing you from rolling!
You closely miss something. Something hits you but does no damage.
Something unexpectedly blocked you, preventing you from rolling!
You barely miss something. Something hits you.
* * * LOW HITPOINT WARNING * * *
Something unexpectedly blocked you, preventing you from rolling!
You hit something.
Your tail-slap misses something.
Something hits you but does no damage.
Something unexpectedly blocked you, preventing you from rolling!
You closely miss something.
You hear some strange, mumbled words.
You are confused.
Something hits you but does no damage.
You closely miss something.
Your tail-slap misses something.
Something completely misses you.
You bump into the rock wall.
Something hits you but does no damage.
You're too confused to move!
Something hits you but does no damage.
You bump into the rock wall.
Something hits you.
* * * LOW HITPOINT WARNING * * *
You bump into the rock wall.
You feel less confused. Something hits you but does no damage.
Something unexpectedly blocked you, preventing you from rolling!
You miss something. You tail-slap something!
Reactivating autopickup.
You feel a bit more experienced.
Your Maces & Flails skill increases to level 3!
You barely miss the orc. The orc hits you with a +0 hand axe.
You die...

..........#
..........#
..........####
.............#
.......<)....#
.......##..(.#
....... #....#
..g....
#....#############
.......
+...)o@...........
#######
#..>.#############
######


You could see an orc.

Vanquished Creatures
  An orc priest (D:3)
  An iguana (D:2)
  An orc wizard (D:3)
  7 adders (D:2)
  A dart slug (D:1)
  3 worms (D:2)
  3 orcs
  2 ball pythons
  5 endoplasms
  2 giant cockroaches
  6 goblins
  4 hobgoblins
  2 kobolds (D:1)
  3 quokkas (D:1)
  3 bats (D:2)
  4 frilled lizards
  A rat (D:1)
49 creatures vanquished.

Notes
Turn   | Place    | Note
-------+----------+-------------------------------------------
     0 | D:1      | nono the Armataur Fighter began the quest for the Orb.
     0 | D:1      | Reached XP level 1. HP: 19/19 MP: 1/1
   217 | D:1      | Reached XP level 2. HP: 26/26 MP: 2/2
   373 | D:1      | Found a faded altar of an unknown god.
   848 | D:2      | Found Guungot's Book Shoppe.
   875 | D:2      | Reached XP level 3. HP: 10/33 MP: 3/3
  1198 | D:2      | Reached XP level 4. HP: 40/40 MP: 4/4
  1796 | D:2      | Reached XP level 5. HP: 40/48 MP: 5/5
  1914 | D:3      | HP: 2/48 [orc/+0 hand axe (5)]
  1919 | D:3      | HP: 1/48 [something (2)]
  1925 | D:3      | HP: 1/48 [something (2)]
  1928 | D:3      | Slain by an orc

Illustrated notes

Levels and vault maps discovered:
D:1:      kennysheep_arrival_forest, layout_basic,
          shapermc_ecumenical_altar_acropolis, serial_corexii_hall,
          chequers_hall_statues_y, corexii_hall_statues_u,
          corexii_hall_statues_l
D:2:      wad_crossroads, layout_basic, serial_shops, nicolae_shop_statue_plus
D:3:      layout_basic, mainiacjoe_overflow_paths

Skill      XL: |  1  2  3  4  5 |
---------------+----------------+-----
Maces & Flails | 2 3 |  3.0
Armour         | 4 |  4.9
Fighting       | 3 |  3.6
Shields        | 4 |  4.4

Action                   |  1- 3 |  4- 6 || total
-------------------------+-------+-------++-------
Melee: Flail             |    83 |    84 ||   167
       Tailslap          |     7 |     6 ||    13
  Use: Potion            |       |     4 ||     4
Armor: Scale mail        |    45 |    55 ||   100
Dodge: Dodged            |    35 |    38 ||    73
Block: Buckler           |    15 |    12 ||    27

Table legend: (Time is in decaauts)
 A = Elapsed time spent in this place.
 B = Non-inter-level travel time spent in this place.
 C = Inter-level travel time spent in this place.
 D = Time resting spent in this place.
 E = Time spent auto-exploring this place.
 F = Levels seen in this place.
 G = Mean time per level.
                   A        B        C        D        E       F      G
               +--------+--------+--------+--------+--------+-----+--------+
         Total |   1980 |   1927 |     53 |      0 |   1534 |   3 |  660.0 |
       Dungeon |   1980 |   1927 |     53 |      0 |   1534 |   3 |  660.0 |
               +--------+--------+--------+--------+--------+-----+--------+

Top non-repeatable levels by time:
     D:2: 1045 daAuts
     D:1: 863 daAuts
     D:3: 71 daAuts
